Map: Écho EC

Players

Ratoloko

  • Race: Zerg Zerg

AgCl - Winner!

  • Race: Protoss Protoss

VOD

Have the link to the VOD?

Description

Time

  • Played on: May 18, 2015, 8:56 p.m.
  • Length: 13:47
Show
View Real Time Build Order
Export as new Build Order

Ratoloko Zerg 

Build Orders: Pool First 

Get SALT Encoding   

  12  0:01  Drone  
  13  0:08  Drone  
  14  0:21  Overlord  
  14  0:33  Drone, Extractor  
  14  0:40  Drone  
  14  0:41  Drone  
  16  0:50  Spawning Pool  
  16  0:53  Drone  
  17  0:57  Drone  
  17  1:07  Drone  
  18  1:17  Drone  
  19  1:27  Drone  
  20  1:39  Metabolic Boost  
  20  1:44  Hatchery  
  19  1:47  Drone  
  20  2:00  Drone x2  
  22  2:15  Overlord  
  22  2:28  Overlord  
  22  2:33  Queen  
  22  2:34  Hatchery  
  23  2:40  Drone  
  23  2:42  Drone  
  25  2:45  Extractor  
  24  2:53  Drone  
  24  3:15  Overlord x2  
  24  3:20  Drone x3  
  24  3:26  Queen  
  29  3:27  Queen  
  29  3:30  Drone x2  
  33  3:40  Roach Warren  
  32  3:42  Drone  
  33  3:49  Drone x2  
  33  3:54  Spore Crawler  
  34  3:57  Spore Crawler  
  33  4:02  Spore Crawler  
  33  4:08  Drone x2  
  33  4:09  Drone  
  35  4:12  Drone  
  35  4:15  Drone  
  37  4:17  Drone  
  37  4:19  Drone  
  37  4:22  Drone  
  40  4:29  Drone x2  
  40  4:30  Drone  
  43  4:36  Lair  
  43  4:40  Drone  
  43  4:41  Drone  
  43  4:42  Drone  
  46  4:48  Drone x2  
  46  4:49  Drone x2  
  50  4:56  Drone x2  
  50  4:57  Drone x2  
  50  4:58  Drone  
  55  5:03  Queen  
  57  5:10  Drone  
  57  5:11  Drone x4  
  57  5:12  Drone  
  57  5:14  Drone  
  64  5:21  Roach  
  64  5:23  Overlord x2  
  59  5:43  Roach x5  
  59  5:44  Roach x4  
  59  5:49  Hydralisk Den  
  76  5:52  Infestation Pit, Roach  
  77  6:03  Roach x2  
  79  6:17  Roach x2  
  81  6:19  Overlord x5  
  81  6:37  Drone, Queen x2  
  86  6:45  Roach x5  
  96  6:51  Evolution Chamber  
  96  6:52  Evolution Chamber  
  94  7:01  Drone x7, Extractor  
  76  7:30  Hydralisk  
  76  7:31  Hydralisk x8  
  76  7:32  Hydralisk  
  76  7:34  Zergling x2  
  97  7:47  Extractor  
  97  7:48  Extractor  
  97  7:50  Extractor  
  94  7:55  Roach x4  
  94  7:57  Hatchery  
  99  8:14  Drone x3  
  99  8:15  Drone x3  
  99  8:16  Drone x4  
  99  8:17  Drone  
  99  8:18  Queen  
  112  8:21  Hatchery  
  112  8:23  Zerg Ground Armor Level 1  
  111  8:27  Drone x3  
  114  8:47  Overlord x4  
  114  9:06  Drone, Overlord x3  
  114  9:07  Drone x2  
  114  9:08  Drone x5  
  122  9:10  Queen  
  122  9:13  Hive  
  122  9:16  Muscular Augments  
  124  9:17  Glial Reconstitution  
  124  9:22  Zerg Missile Weapons Level 1  
  124  9:26  Hydralisk x5  
  124  9:27  Zergling x4  
  124  9:28  Zergling x14  
  143  9:39  Roach x3  
  143  9:40  Roach x2  
  153  9:58  Drone x4  
  153  9:59  Drone x7  
  164  10:00  Overlord x3  
  164  10:01  Overlord  
  164  10:23  Swarm Host  
  164  10:26  Zergling x4  
  164  10:27  Zergling x10  
  195  10:43  Extractor x2  
  195  10:46  Spore Crawler  
  195  10:48  Spore Crawler  
  192  10:50  Drone x7  
  192  10:51  Drone x2  
  199  11:27  Hatchery  
  198  11:36  Overlord x3  
  198  11:37  Overlord  
  198  11:41  Hatchery  
  197  11:53  Burrow  
  195  12:20  Hatchery  
  195  12:22  Hatchery  
  193  12:47  Overseer x4  
  193  12:54  Swarm Host x2  
Show
View Real Time Build Order
Export as new Build Order

AgCl Protoss - Winner!

Build Orders: Oracle Opening, Oracle Opening 

Get SALT Encoding   

  12  0:21  Pylon  
  12  0:22  Probe  
  13  0:34  Probe  
  14  0:45  Gateway  
  14  0:46  Probe  
  15  0:58  Probe  
  16  1:10  Probe, Assimilator  
  17  1:15  Pylon  
  17  1:22  Probe  
  18  1:30  Assimilator  
  18  1:34  Probe  
  19  1:47  Probe (Chrono Boost)  
  20  1:51  Cybernetics Core  
  20  1:59  Probe (Chrono Boost)  
  21  2:08  Probe (Chrono Boost)  
  22  2:12  Nexus  
  22  2:13  Zealot  
  24  2:16  Probe (Chrono Boost)  
  25  2:28  Probe (Chrono Boost)  
  26  2:33  Warp Gate  
  27  2:37  Probe (Chrono Boost)  
  27  2:43  Pylon  
  27  2:45  Probe (Chrono Boost)  
  28  2:54  Stargate  
  28  2:56  Probe (Chrono Boost)  
  29  3:02  Probe (Chrono Boost)  
  30  3:14  Probe (Chrono Boost)  
  34  3:27  Mothership Core (Chrono Boost)  
  34  3:28  Probe (Chrono Boost)  
  34  3:36  Probe (Chrono Boost)  
  34  3:41  Oracle (Chrono Boost)  
  39  3:49  Probe (Chrono Boost)  
  39  3:50  Nexus  
  39  3:55  Probe (Chrono Boost)  
  40  3:59  Gateway  
  40  4:02  Probe (Chrono Boost), Gateway  
  41  4:08  Probe (Chrono Boost)  
  42  4:12  Probe (Chrono Boost), Pylon  
  43  4:21  Probe x2 (Chrono Boost)  
  43  4:23  Pylon  
  45  4:34  Probe (Chrono Boost)  
  47  4:39  Probe (Chrono Boost), Forge  
  47  4:42  Probe (Chrono Boost)  
  47  4:43  Gateway  
  49  4:45  Adept  
  49  4:48  Probe (Chrono Boost)  
  49  4:51  Probe (Chrono Boost)  
  53  5:01  Probe x2 (Chrono Boost)  
  53  5:02  Adept  
  53  5:05  Probe (Chrono Boost)  
  57  5:09  Zealot  
  58  5:31  Probe  
  56  5:39  Adept x2  
  56  5:40  Adept  
  62  5:58  Probe  
  59  6:18  Photon Cannon  
  55  6:23  Probe x2 (Chrono Boost), Assimilator  
  55  6:24  Probe (Chrono Boost), Void Ray (Chrono Boost)  
  55  6:25  Assimilator  
  56  6:29  Assimilator  
  56  6:30  Probe x3 (Chrono Boost), Pylon  
  56  6:32  Protoss Ground Weapons Level 1 (Chrono Boost)  
  59  6:34  Assimilator  
  59  6:38  Pylon  
  59  6:39  Gateway  
  59  6:41  Probe x2  
  59  6:42  Probe  
  64  6:56  Probe x2 (Chrono Boost)  
  64  6:59  Pylon  
  65  7:01  Probe (Chrono Boost)  
  65  7:02  Photon Cannon  
  65  7:04  Photon Cannon  
  65  7:05  Stalker  
  65  7:06  Stalker  
  69  7:10  Probe x2 (Chrono Boost)  
  69  7:16  Pylon  
  70  7:23  Probe (Chrono Boost)  
  70  7:26  Probe (Chrono Boost), Void Ray (Chrono Boost)  
  70  7:28  Probe (Chrono Boost)  
  75  7:33  Probe (Chrono Boost)  
  75  7:35  Probe (Chrono Boost), Photon Cannon  
  75  7:36  Probe (Chrono Boost)  
  78  7:38  Photon Cannon x2  
  78  7:40  Probe, Photon Cannon  
  78  7:41  Gateway  
  78  7:42  Gateway  
  78  7:43  Adept x2  
  78  7:44  Zealot x2  
  85  7:46  Probe  
  85  7:49  Photon Cannon  
  88  7:53  Pylon  
  88  7:54  Pylon  
  86  8:01  Pylon, Stargate  
  86  8:04  Stargate  
  80  8:06  Fleet Beacon, Void Ray (Chrono Boost)  
  84  8:13  Fleet Beacon  
  84  8:16  Probe x2  
  86  8:20  Probe  
  86  8:22  Protoss Air Weapons Level 1 (Chrono Boost)  
  86  8:25  Pylon  
  87  8:28  Probe  
  87  8:29  Carrier (Chrono Boost)  
  87  8:34  Carrier (Chrono Boost)  
  88  8:35  Protoss Shields Level 1 (Chrono Boost)  
  88  8:36  Twilight Council  
  88  8:44  Carrier (Chrono Boost)  
  88  8:54  Graviton Catapult  
  106  9:18  Pylon  
  106  9:22  Carrier (Chrono Boost)  
  106  9:23  Pylon  
  106  9:28  Robotics Facility  
  106  9:29  Pylon  
  106  9:32  Charge  
  106  9:38  Nexus  
  106  9:40  Pylon x2  
  106  9:42  Dark Shrine, Carrier (Chrono Boost)  
  118  10:11  Phoenix (Chrono Boost)  
  120  10:19  Templar Archives  
  120  10:29  Gateway, Carrier (Chrono Boost)  
  120  10:31  Gateway  
  120  10:38  Gateway  
  120  10:43  Gateway  
  120  10:52  Observer  
  127  10:57  Dark Templar x2  
  127  10:58  Zealot x3  
  127  11:03  Assimilator  
  127  11:04  Zealot  
  139  11:07  Carrier (Chrono Boost)  
  139  11:08  Pylon  
  139  11:16  Carrier (Chrono Boost)  
  139  11:35  Assimilator  
  139  11:37  Carrier (Chrono Boost)  
  139  11:43  Zealot  
  139  11:44  Zealot x3  
  142  12:18  Forge, Pylon  
  142  12:20  Carrier (Chrono Boost)  
  142  12:23  Photon Cannon  
  142  12:31  Dark Templar  
  142  12:34  Dark Templar  
  158  12:51  Probe  
  159  13:08  Nexus  
  159  13:12  Gateway  
  159  13:15  Gateway  
  159  13:28  Zealot  
  159  13:29  Zealot x3  
  159  13:30  Zealot x2  
  159  13:31  Zealot x2  
  181  13:45  Assimilator  
  181  13:46  Pylon  
Tags
 
Add a new tag
Caveats
  • Supply blocks, unpowered buildings, or Contaminate may cause inaccurate times.
  • Supply counts are checked every 10 seconds.